 Dungeon Crawl Stone Soup version 0.29.0-4-gdea44cf6ec (webtiles) character file.

Game seed: 14524194698353806037

161 qw the Chopper (level 5, -1/30 HPs)
             Began as a Tengu Warper on Aug 28, 2022.
             Slain by a gnoll
             ... wielding a +0 club
             ... led by a gnoll bouda
              (6 damage)
             ... on level 4 of the Dungeon.
             The game lasted 00:00:26 (4995 turns).

qw the Chopper (Tengu Warper)                       Turns: 4995, Time: 00:00:26

Health: -1/30      AC:  3    Str: 13    XL:     5   Next: 42%
Magic:  9/9        EV: 14    Int: 13    God:
Gold:   213        SH:  0    Dex: 14    Spells: 8/8 levels left

rFire   . . .      SeeInvis .   Y - +2 hand axe
rCold   . . .      Faith    .   (no shield)
rNeg    . . .      Spirit   .   b - +0 leather armour
rPois   .          Reflect  .   (helmet restricted)
rElec   .          Harm     .   (no cloak)
rCorr   .          Rampage  .   (no gloves)
Will    .....                   (boots unavailable)
Stlth   +.........              (no amulet)
HPRegen 0.10/turn               (no ring)
MPRegen 0.11/turn               (no ring)

@: flying quickly and evasively, quick
A: beak, talons 3, nimble flight
a: no special abilities


You were on level 4 of the Dungeon.
You visited 1 branch of the dungeon, and saw 4 of its levels.

You collected 213 gold pieces.


Innate Abilities, Weirdness & Mutations

You have a beak for a mouth.
You have claws for feet.
Your magical nature lets you fly swiftly and evasively.


   Skills:
 - Level 2.0 Fighting
 + Level 6.0 Axes
 - Level 1.0 Throwing
 - Level 1.1 Armour
 - Level 2.1 Dodging
 - Level 2.0 Spellcasting
 - Level 2.4 Translocations


You had 8 spell levels left.
You didn't know any spells.
Your spell library contained the following spells:

 Spells                   Type           Power      Damage    Failure   Level
 Blink                    Tloc           14%        N/A       19%         2
 Gell's Gravitas          Tloc           7%         N/A       36%         3
 Lesser Beckoning         Tloc           7%         N/A       36%         3
 Teleport Other           Tloc           7%         N/A       36%         3
 Manifold Assault         Tloc           7%         N/A       98%         5

Inventory:

Hand Weapons
 c - a +0 flail
 Y - a +2 hand axe (weapon)
Armour
 b - a +0 leather armour (worn)
Scrolls
 a - 2 scrolls of identify
Potions
 d - a potion of heal wounds
 e - a potion of berserk rage {unknown}
 f - a potion of lignification {unknown}
 h - 4 potions of curing
 i - a potion of mutation {unknown}
 j - a potion of magic {unknown}

Dungeon Overview and Level Annotations

Branches:
Dungeon (4/15)
 Temple: D:4-7

Altars:
Vehumet
Zin

Annotations:
D:3 3 runed translucent doors, qw's ghost, weakling TeWr


Message History

The gnoll is lightly wounded.
The gnoll hits you with a +0 spear.
The gnoll bouda barks out a call to the hunt!
The gnolls pick up the pace!
You hit the gnoll. You claw the gnoll, but do no damage.
The gnoll is moderately wounded.
The gnoll misses you. The gnoll closely misses you.
You hit the gnoll but do no damage. You claw the gnoll.
Your peck misses the gnoll.
The gnoll is heavily wounded.
You barely miss the gnoll. The gnoll closely misses you. The gnoll misses you.
You hit the gnoll. Your kick misses the gnoll. Your peck misses the gnoll.
The gnoll is severely wounded.
You hit the gnoll but do no damage. The gnoll hits you with a +0 spear!
You barely miss the gnoll. Your peck misses the gnoll.
The gnoll is severely wounded.
You hit the gnoll. You hit the gnoll bouda. You closely miss the gnoll.
The gnoll misses you.
The gnoll bouda hits you with a +0 whip.
The gnoll hits you with a +0 flail. The gnoll misses you.
You hit the gnoll.
The gnoll is almost dead.
You closely miss the gnoll bouda. You hit the gnoll but do no damage.
You hit the gnoll.
Your attacks no longer feel as feeble.
The gnoll hits you with a +0 spear! The gnoll bouda closely misses you.
The gnoll misses you. The gnoll completely misses you.
You barely miss the gnoll.
The orc shouts!
Your peck misses the gnoll.
The gnoll is almost dead.
You barely miss the gnoll bouda. You hit the gnoll but do no damage.
You closely miss the gnoll. The gnoll misses you.
The gnoll bouda calls upon its god to heal the gnoll.
The gnoll is healed somewhat.
The gnoll hits you with a +0 flail! The gnoll hits you with a +0 club.
You die...

#.# #. #.# #. #
####.########. #.
#######.....<.......
...##..^..#.##.#########
..........#.##.#
...............#######
.o....g...............
......g@..#.##########
......gg....#
...########## #


You could see a gnoll bouda, 3 gnolls and an orc.

Vanquished Creatures
  An orc wizard (D:4)
  4 adders
  2 dart slugs (D:2)
  3 orcs
  7 endoplasms
  14 giant cockroaches
  8 goblins
  8 hobgoblins
  2 jackals (D:1)
  3 quokkas (D:1)
  8 ball pythons
  9 bats
  2 frilled lizards
  10 kobolds
  A rat (D:2)
82 creatures vanquished.

Notes
Turn   | Place    | Note
-------+----------+-------------------------------------------
     0 | D:1      | qw the Tengu Warper began the quest for the Orb.
     0 | D:1      | Reached XP level 1. HP: 12/12 MP: 4/4
     0 | D:1      | 0 ||| qw: Version: 0.1-a-89-g26bdef1
     0 | D:1      | 0 ||| qw: Game counter: 1555
     0 | D:1      | 0 ||| qw: Always use a shield: true
     0 | D:1      | 0 ||| qw: God list: Okawaru
     0 | D:1      | 0 ||| qw: Allow faded altars: false
     0 | D:1      | 0 ||| qw: Do Orc after D:15 true
     0 | D:1      | 0 ||| qw: Do second Lair branch before Depths: true
     0 | D:1      | 0 ||| qw: Lair rune preference: random
     0 | D:1      | 0 ||| qw: Plans: Normal
     0 | D:1      | 0 ||| PLANNING D:1-11
   301 | D:1      | 301 ||| DROPPING +0 club.
   325 | D:1      | Reached XP level 2. HP: 15/17 MP: 6/6
   363 | D:1      | 363 ||| Stepping ~*~*~tactically~*~*~ (stealth).
   370 | D:1      | Reached skill level 3 in Axes
  1188 | D:1      | Reached XP level 3. HP: 21/21 MP: 7/7
  1559 | D:1      | 1559 ||| READING 2 scrolls labelled DAZUXU FIRA.
  1560 | D:1      | 1560 ||| READING scroll labelled QUVISMI XOEDO.
  1561 | D:1      | 1561 ||| READING scroll labelled IDOODU DIGIR.
  1562 | D:1      | 1562 ||| READING scroll labelled WYW SYECIDA.
  1563 | D:1      | 1563 ||| READING scroll labelled PUEL DAIGOSTI.
  1564 | D:1      | 1564 ||| DROPPING scroll of blinking.
  1586 | D:2      | 1586 ||| STAIRDANCE
  1616 | D:2      | Reached skill level 4 in Axes
  1686 | D:2      | 1686 ||| FLEEEEING.
  1687 | D:2      | 1687 ||| FLEEEEING.
  1690 | D:2      | 1690 ||| STAIRDANCE
  1741 | D:2      | 1741 ||| Stepping ~*~*~tactically~*~*~ (hiding).
  1806 | D:2      | 1806 ||| Stepping ~*~*~tactically~*~*~ (hiding).
  2045 | D:2      | Reached XP level 4. HP: 22/26 MP: 8/8
  2068 | D:2      | 2068 ||| Stepping ~*~*~tactically~*~*~ (stealth).
  2069 | D:2      | 2069 ||| Stepping ~*~*~tactically~*~*~ (stealth).
  2106 | D:2      | 2106 ||| Stepping ~*~*~tactically~*~*~ (stealth).
  2107 | D:2      | 2107 ||| Stepping ~*~*~tactically~*~*~ (stealth).
  2110 | D:2      | 2110 ||| Stepping ~*~*~tactically~*~*~ (stealth).
  2111 | D:2      | 2111 ||| Stepping ~*~*~tactically~*~*~ (stealth).
  2112 | D:2      | 2112 ||| Stepping ~*~*~tactically~*~*~ (stealth).
  2113 | D:2      | 2113 ||| Stepping ~*~*~tactically~*~*~ (stealth).
  2116 | D:2      | 2116 ||| Stepping ~*~*~tactically~*~*~ (stealth).
  2117 | D:2      | 2117 ||| Stepping ~*~*~tactically~*~*~ (stealth).
  2118 | D:2      | 2118 ||| Stepping ~*~*~tactically~*~*~ (stealth).
  2119 | D:2      | 2119 ||| Stepping ~*~*~tactically~*~*~ (stealth).
  2451 | D:2      | 2451 ||| Stepping ~*~*~tactically~*~*~ (stealth).
  2522 | D:2      | Reached skill level 5 in Axes
  2554 | D:2      | 2554 ||| READING scroll of enchant weapon.
  2554 | D:2      | 2554 ||| ENCHANTING +1 hand axe.
  2855 | D:2      | 2855 ||| READING scroll labelled KIR ZUQE DOPPE.
  2856 | D:2      | 2856 ||| READING scroll labelled KEIMPO FIFODUWKA.
  2857 | D:2      | 2857 ||| DRINKING 4 red potions.
  2858 | D:2      | 2858 ||| READING 2 scrolls of identify.
  2858 | D:2      | 2858 ||| IDENTIFYING cyan potion
  3267 | D:3      | Identified the +9 spear of Pejiedgh {flame, Stlth+}
  3267 | D:3      | Identified the +3 ring mail "Adaereast" {Fly rElec rC-
                  | Slay-2}
  3268 | D:3      | Found a runed translucent gate.
  3268 | D:3      | Noticed qw's ghost (weakling TeWr)
  3269 | D:3      | Found a runed translucent gate.
  3270 | D:3      | Found a runed translucent gate.
  3435 | D:3      | 3435 ||| Stepping ~*~*~tactically~*~*~ (stealth).
  3610 | D:3      | Found a glowing silver altar of Zin.
  3681 | D:3      | 3681 ||| Stepping ~*~*~tactically~*~*~ (stealth).
  3697 | D:3      | Gained mutation: Your magical nature lets you fly swiftly
                  | and evasively. [Tengu growth]
  3697 | D:3      | Reached XP level 5. HP: 16/30 MP: 9/9
  3704 | D:3      | HP: 2/30 [orc/+0 trident (8)]
  3705 | D:3      | 3705 ||| DRINKING potion of heal wounds.
  4198 | D:3      | 4198 ||| READING scroll labelled YGIHASM WEUC.
  4199 | D:3      | 4199 ||| READING 2 scrolls of identify.
  4199 | D:3      | 4199 ||| IDENTIFYING green potion
  4200 | D:3      | 4200 ||| DROPPING potion of attraction.
  4201 | D:3      | 4201 ||| Stepping randomly (stuck).
  4202 | D:3      | 4202 ||| Stepping ~*~*~tactically~*~*~ (cloud).
  4211 | D:3      | HP: 7/30 [poisoned by you (poison gas)]
  4622 | D:4      | 4622 ||| Stepping ~*~*~tactically~*~*~ (stealth).
  4628 | D:4      | 4628 ||| FLEEEEING.
  4629 | D:4      | 4629 ||| FLEEEEING.
  4642 | D:4      | 4642 ||| DRINKING 5 potions of curing.
  4642 | D:4      | 4642 ||| (to cure confusion)
  4653 | D:4      | HP: 7/30 [something/magic dart (5)]
  4655 | D:4      | Reached skill level 6 in Axes
  4693 | D:4      | 4693 ||| FLEEEEING.
  4886 | D:4      | 4886 ||| DROPPING +0 whip.
  4931 | D:4      | Found a radiant altar of Vehumet.
  4995 | D:4      | HP: 5/30 [gnoll/+0 flail[a gnoll bouda] (9)]
  4995 | D:4      | Slain by a gnoll

Levels and vault maps discovered:
D:1:      psy_arrival_spokes, layout_basic, minmay_misc_feat_square,
          minmay_liquid_box
D:2:      minmay_roachtagon, layout_loops_cross, minmay_stone_trees_small
D:3:      layout_basic, mainiacjoe_overflow_surrounded_room,
          biasface_ghost_orc_armoury, minmay_randomly_rotated_circles
D:4:      layout_loops_ring, lemuel_coloured_pillars_altar,
          kennysheep_orc_chapel

Skill      XL: |  1  2  3  4  5 |
---------------+----------------+-----
Axes           | 3 4 5 6 |  6.0
Fighting       | |  2.0
Throwing       | |  1.0
Armour         | |  1.1
Dodging        | |  2.1
Spellcasting   | |  2.0
Translocations | |  2.4

Action                   |  1- 3 |  4- 6 || total
-------------------------+-------+-------++-------
Melee: Hand axe          |    80 |   106 ||   186
       Kick              |    19 |    18 ||    37
       Peck              |    16 |    14 ||    30
Throw: Boomerang         |     7 |       ||     7
  Use: Scroll            |     5 |     6 ||    11
       Potion            |       |     3 ||     3
Armor: Leather armour    |    22 |    15 ||    37
Dodge: Dodged            |    43 |    73 ||   116

Table legend:
 A = Non-vault XP
 B = Vault XP
 C = Vault XP percentage of total XP
 D = Non-vault monster count
 E = Vault monster count
 F = Vault count percentage of total count
                 A         B        C        D         E       F
            +---------+---------+-------+---------+---------+-------
      Total |     191 |      39 |  17.0 |      68 |      14 |  17.1
            +---------+---------+-------+---------+---------+-------
        D:1 |      44 |       0 |   0.0 |      25 |       0 |   0.0
        D:2 |      67 |      16 |  19.3 |      24 |       8 |  25.0
        D:3 |      36 |      23 |  39.0 |      14 |       6 |  30.0
        D:4 |      44 |       0 |   0.0 |       5 |       0 |   0.0
            +---------+---------+-------+---------+---------+-------
